 Dungeon Crawl Stone Soup version 0.31.0-32-g396128a36d (webtiles) character file.

Game seed: 6086181709625486203

970 Moonbound the Changeling (level 8, 0/57 HPs)
             Began as an Octopode Shapeshifter on Mar 21, 2024.
             Slain by a water moccasin (8 damage)
             ... on level 5 of the Dungeon.
             The game lasted 00:04:54 (2596 turns).

Moonbound the Changeling (Octopode Shapeshifter)    Turns: 2596, Time: 00:04:55

Health: 0/57       AC:  1    Str: 14    XL:     8   Next: 16%
Magic:  8/8        EV: 13    Int: 14    God:
Gold:   117        SH:  0    Dex: 11    Spells: 7/7 levels left

rFire   . . .        i - +2 short sword (speed)
rCold   . . .        (no shield)
rNeg    . . .        (helmet currently unavailable)
rPois   +            (no amulet)
rElec   .            P - ring of poison resistance
rCorr   .            (no ring)
SInv    .            (no ring)
Will    .....        (no ring)
Stlth   ++           (no ring)
HPRegen 0.29/turn    (no ring)
MPRegen 0.11/turn    (no ring)
                     (no ring)

%: no passive effects
@: beast-form
A: beast (slay +4), almost no armour, amphibious, 8 rings, camouflage 1,
gelatinous body 1, (nimble swimmer 1), tentacles
a: Begin Untransformation


You were on level 5 of the Dungeon.
You were a hulking beast.
You visited 1 branch of the dungeon, and saw 5 of its levels.

You collected 117 gold pieces.


Innate Abilities, Weirdness & Mutations

You are a hulking beast.
Your limbs bulge with bestial killing power. (Slay +4)
You cannot wear most types of armour.
You are amphibious.
You can wear up to eight rings at the same time.
Your skin changes colour to match your surroundings (Stealth+).
Your rubbery body absorbs attacks. (AC +1, EV +1)
((You are camouflaged when in or above water. (Stealth+)))
You have tentacles for arms and can constrict up to eight enemies at once.


   Skills:
 + Level 6.0 Fighting
 - Level 2.0 Dodging
 - Level 3.0 Unarmed Combat
 - Level 7.0 Shapeshifting


You had 7 spell levels left.
You didn't know any spells.
Your spell library contained the following spells:

 Spells                   Type           Power      Damage    Failure   Level
 Shock                    Conj/Air       0%         1d3       28%         1
 Ensorcelled Hibernation  Hex/Ice        0%         N/A       41%         2
 Mercury Vapours          Alch/Air       0%         N/A       41%         2
 Dazzling Flash           Conj/Hex       0%         N/A       65%         3
 Fugue of the Fallen      Necr           0%         N/A       65%         3
 Hailstorm                Conj/Ice       0%         3d5       65%         3
 Mephitic Cloud           Conj/Alch/Air  0%         N/A       65%         3
 Summon Ice Beast         Ice/Summ       0%         N/A       65%         3
 Swiftness                Air            0%         N/A       65%         3
 Airstrike                Air            0%         2d(0-16)  96%         4
 Anguish                  Hex/Necr       0%         N/A       96%         4
 Curse of Agony           Necr           0%         N/A       100%        5
 Freezing Cloud           Conj/Ice/Air   0%         6-21      100%        5
 Silence                  Hex/Air        0%         N/A       100%        5
 Sculpt Simulacrum        Ice/Alch       0%         N/A       100%        6

Inventory:

Hand Weapons
 i - a +2 short sword of speed (weapon)
Missiles
 p - a throwing net {=f}
Magical Staves
 h - a staff of air {!a}
Jewellery
 P - a ring of poison resistance (left tentacle)
Talismans
 b - a beast talisman
 c - a flux talisman
Scrolls
 a - a scroll of poison {unknown}
 d - a scroll of fear {unknown}
 f - a scroll of teleportation {unknown}
 k - a scroll of identify {unknown}
 n - a scroll of noise {unknown}
Potions
 e - a potion of might
 g - a potion of ambrosia {unknown}
 j - 2 potions of magic {unknown}
 l - a potion of heal wounds {unknown}
 m - a potion of enlightenment {unknown}
 o - a potion of degeneration

Dungeon Overview and Level Annotations

Branches:
Dungeon (6/15)
 Temple: D:4-7

Altars:
Cheibriados
Fedhas
Vehumet
The Shining One

Shops:
D:1 ?

Annotations:
D:3 exclusion: bombardier beetle

### ..# #.# #.# #.# ###
# #.#######.#####
#.########.....##.#.)).#
......Sh.........###)#..
##############.##.#†####
#......# # #..###.# #..#
#.# # #..# #.# #. ....
... .. ####. ### .. ..


You could see a water moccasin.


Message History

You are too injured to fight recklessly!
You are too injured to fight recklessly!
You are too injured to fight recklessly!
You are too injured to fight recklessly!
You are too injured to fight recklessly!
You are too injured to fight recklessly!
You are too injured to fight recklessly!
You are too injured to fight recklessly!
Unknown command.
You barely miss the ice beast. You squeeze the ice beast.
You kill the ice beast!
Your life force feels restored.
Training target 6.0 for Fighting reached!
Your Fighting skill increases to level 6!
You need to enable at least one skill for training.
Unknown command.
You barely miss the water moccasin. You grab the water moccasin.
You constrict the water moccasin, but do no damage.
The water moccasin bites you.
* * * LOW HITPOINT WARNING * * *
You puncture the water moccasin! You squeeze the water moccasin.
The water moccasin is heavily wounded.
You constrict the water moccasin, but do no damage.
The water moccasin bites you.
* * * LOW HITPOINT WARNING * * *
Unknown command.
You hit the water moccasin.
The water moccasin is severely wounded.
You constrict the water moccasin. The water moccasin bites you!
You die...

Skill      XL: |  1  2  3  4  5  6  7  8 |
---------------+-------------------------+-----
Fighting       | 2 3 4 5 6 |  6.0
Shapeshifting  | 5 6 7 |  7.0
Dodging        | |  2.0
Unarmed Combat | |  3.0

Action                     |  1- 3 |  4- 6 |  7- 9 || total
---------------------------+-------+-------+-------++-------
  Melee: Unarmed           |    41 |       |       ||    41
         Tentacles         |    13 |    15 |    20 ||    48
         Constrict         |    14 |    16 |    16 ||    46
         Punch             |     1 |     3 |     4 ||     8
         Short sword       |    27 |    62 |    59 ||   148
    Use: Potion            |     1 |       |     2 ||     3
   Stab: Sleeping          |     7 |     5 |     1 ||    13
 Armour: Skin              |    30 |    19 |    17 ||    66
  Dodge: Dodged            |    32 |    33 |    26 ||    91

Levels and vault maps discovered:
D:1:      dpeg_arrival_simpleton_a, layout_loops_cross, serial_shops,
          nicolae_shop_trees
D:2:      layout_loops_ring, basic_altar, amethyst_killhole,
          kennysheep_generic_room_10, uniq_sigmund, uniq_natasha
D:3:      layout_rooms, mainiacjoe_overflow_surrounded_room,
          mainiacjoe_overflow_cross_hatched, hangedman_decor_opposing,
          uniq_jessica, uniq_grinder
D:5:      lemuel_castle_with_subvaults [lemuel_castle_interior_carwin_1],
          layout_loops_ring, mainiacjoe_overflow_catwalk_spiral,
          minmay_ruined_shrine
D:6:      layout_basic, mainiacjoe_overflow_paths, amcnicky_altar_gilded,
          minmay_temple_entry_trees, dreamdust_gnoll_farm

Notes
Turn   | Place    | Note
-------+----------+-------------------------------------------
     0 | D:1      | Moonbound the Octopode Shapeshifter began the quest for the
                  | Orb.
     0 | D:1      | Reached XP level 1. HP: 13/13 MP: 1/1
    74 | D:1      | Reached skill level 2 in Fighting
    74 | D:1      | Reached XP level 2. HP: 12/19 MP: 2/2
   443 | D:1      | Found Hefruiw's Magic Scroll Shop.
   515 | D:1      | Reached XP level 3. HP: 25/25 MP: 3/3
   565 | D:1      | Reached skill level 3 in Fighting
   877 | D:2      | Noticed Sigmund
   901 | D:2      | Killed Sigmund
   902 | D:2      | Reached skill level 5 in Shapeshifting
   902 | D:2      | Reached XP level 4. HP: 20/31 MP: 4/4
   902 | D:2      | Reached XP level 5. HP: 23/36 MP: 5/5
   994 | D:2      | Reached XP level 6. HP: 42/42 MP: 6/6
  1391 | D:2      | Noticed Natasha
  1400 | D:2      | Killed Natasha
  1638 | D:2      | Noticed Natasha
  1640 | D:2      | Found a blossoming altar of Fedhas.
  1644 | D:2      | Killed Natasha
  1645 | D:2      | Reached skill level 6 in Shapeshifting
  1907 | D:3      | Noticed Jessica
  1914 | D:3      | Killed Jessica
  1987 | D:3      | You fall into a shaft and drop 3 floors!
  2030 | D:6      | Found a glowing golden altar of the Shining One.
  2053 | D:6      | Reached skill level 4 in Fighting
  2062 | D:6      | Reached XP level 7. HP: 10/48 MP: 7/7
  2067 | D:6      | HP: 2/49 [gnoll/+0 flail[a gnoll bouda] (10)]
  2271 | D:5      | Entered Level 5 of the Dungeon
  2287 | D:5      | Found a radiant altar of Vehumet.
  2294 | D:5      | Found a snail-covered altar of Cheibriados.
  2305 | D:5      | Reached skill level 5 in Fighting
  2378 | D:5      | Reached skill level 7 in Shapeshifting
  2392 | D:5      | Reached XP level 8. HP: 35/54 MP: 8/8
  2594 | D:5      | Reached skill level 6 in Fighting
  2596 | D:5      | Slain by a water moccasin

Vanquished Creatures
  Sigmund (D:2)
  A water moccasin (D:5)
  An ice beast (D:5)
  A black bear (D:5)
  A scorpion (D:5)
  2 orc priests
  A gnoll bouda (D:6)
  2 hounds
  2 iguanas
  Jessica (D:3)
  Natasha (twice) (D:2)
  5 adders
  7 gnolls
  A dart slug (D:5)
  2 ribbon worms (D:2)
  6 orcs
  7 ball pythons
  5 endoplasms
  4 giant cockroaches
  3 goblins (D:1)
  A hobgoblin (D:1)
  A quokka (D:1)
  5 bats
  A frilled lizard (D:1)
  8 kobolds
  5 rats
76 creatures vanquished.

Table legend: (Time is in decaauts)
 A = Elapsed time spent in this place.
 B = Non-inter-level travel time spent in this place.
 C = Inter-level travel time spent in this place.
 D = Time resting spent in this place.
 E = Time spent auto-exploring this place.
 F = Levels seen in this place.
 G = Mean time per level.
                   A        B        C        D        E       F      G
               +--------+--------+--------+--------+--------+-----+--------+
         Total |   2545 |   2468 |     77 |    369 |   1651 |   5 |  509.0 |
       Dungeon |   2545 |   2468 |     77 |    369 |   1651 |   5 |  509.0 |
               +--------+--------+--------+--------+--------+-----+--------+

Top non-repeatable levels by time:
     D:2: 1105 daAuts
     D:1: 679 daAuts
     D:5: 307 daAuts
     D:6: 276 daAuts
     D:3: 177 daAuts

Table legend:
 A = Non-vault XP
 B = Vault XP
 C = Vault XP percentage of total XP
 D = Non-vault monster count
 E = Vault monster count
 F = Vault count percentage of total count
                 A         B        C        D         E       F
            +---------+---------+-------+---------+---------+-------
      Total |    1058 |     328 |  23.7 |      71 |       5 |   6.6
            +---------+---------+-------+---------+---------+-------
        D:1 |      40 |       0 |   0.0 |      25 |       0 |   0.0
        D:2 |     148 |     291 |  66.3 |      20 |       4 |  16.7
        D:3 |       7 |      37 |  84.1 |       4 |       1 |  20.0
        D:5 |     701 |       0 |   0.0 |      16 |       0 |   0.0
        D:6 |     162 |       0 |   0.0 |       6 |       0 |   0.0
            +---------+---------+-------+---------+---------+-------
